 Dungeon Crawl Stone Soup version 0.29-a0-231-g945431f764 (webtiles) character file.

Game seed: 4750338166278139633

3206 tognito the Cleaver (level 9, -1/80 HPs)
             Began as a Minotaur Berserker on Feb 28, 2022.
             Was an Elder of Trog.
             Slain by a killer bee (2 damage)
             ... on level 7 of the Dungeon.
             The game lasted 00:10:50 (6264 turns).

tognito the Cleaver (Minotaur Berserker)            Turns: 6264, Time: 00:10:51

Health: -1/80      AC: 16    Str: 26    XL:     9   Next: 65%
Magic:  8/8        EV: 10    Int:  4    God:    Trog [****..]
Gold:   265        SH:  0    Dex: 10    Spells: 8/8 levels left

rFire   . . .      SeeInvis +   a - +0 hand axe (distort)
rCold   . . .      Faith    .   (no shield)
rNeg    . . .      Spirit   .   r - +0 plate armour
rPois   .          Reflect  .   (helmet restricted)
rElec   .          Harm     .   w - +1 cloak
rCorr   .          Rampage  .   A - +0 pair of gloves
Will    +....      Rage     1%  (no boots)
Stlth   ..........              (no amulet)
HPRegen 0.23/turn               i - ring of see invisible
MPRegen 0.11/turn               q - ring of willpower

@: lethally poisoned (-1 -> -5), on berserk cooldown, hasted and slowed
A: horns 2, retaliatory headbutt, berserk 1, sturdy frame 1
a: Renounce Religion, Berserk, Trog's Hand, Brothers in Arms


You were on level 7 of the Dungeon.
You worshipped Trog.
Trog was greatly pleased with you.
You visited 1 branch of the dungeon, and saw 7 of its levels.

You collected 265 gold pieces.

Inventory:

Hand Weapons
 a - a +0 hand axe of distortion (weapon)
 v - a +0 mace of protection
Missiles
 h - 4 atropa-tipped darts
 k - 4 boomerangs
 p - 23 poisoned darts (quivered)
Armour
 r - a +0 plate armour (worn)
 s - an orb of wrath
 w - a +1 cloak (worn)
 x - an orb of wrath
 A - a +0 pair of gloves (worn)
Jewellery
 i - a ring of see invisible (left hand)
 q - a ring of willpower (right hand)
Wands
 j - a wand of polymorph (7)
 n - a wand of paralysis (11)
Scrolls
 b - 2 scrolls of blinking {unknown}
 c - a scroll of brand weapon {unknown}
 d - 3 scrolls of enchant weapon {unknown}
 e - 2 scrolls of vulnerability {unknown}
 f - 2 scrolls of immolation {unknown}
 g - a scroll of fog {unknown}
 l - 4 scrolls of identify {unknown}
 o - a scroll of enchant armour {unknown}
 y - a scroll of summoning {unknown}
Potions
 m - 2 potions of invisibility
 t - a potion of resistance


   Skills:
 + Level 7.7 Fighting
 * Level 10.2 Axes
 + Level 5.4 Throwing
 + Level 6.9 Armour
 + Level 6.2 Dodging


You had 8 spell levels left.
You didn't know any spells.
Your spell library was empty.

Dungeon Overview and Level Annotations

Branches:
Dungeon (7/15)             Temple (0/1) D:5

Altars:


Innate Abilities, Weirdness & Mutations

You have a pair of horns on your head.
You reflexively headbutt those who attack you in melee.
You tend to lose your temper in combat.
Your movements are slightly less encumbered by armour. (ER -2)


Message History

You feel very sick. The killer bee barely misses you. You furiously retaliate!
You headbutt the killer bee.
The killer bee stings you but does no damage.
You see here a +0 spear.
You feel sick. The killer bee barely misses you.
Items here: ( )) †.
You feel sick. The killer bee closely misses you.
You feel sick.
You feel sick. The killer bee stings you.
* * * LOW HITPOINT WARNING * * *
You are lethally poisoned!
The killer bee poisons you!
You closely miss the killer bee. Your headbutt misses the killer bee.
The killer bee is lightly wounded.
* * * LOW HITPOINT WARNING * * *
You feel sick. The killer bee barely misses you. You furiously retaliate!
You headbutt the killer bee, but do no damage.
The killer bee stings you but does no damage.
You completely miss the killer bee.
The killer bee is lightly wounded.
* * * LOW HITPOINT WARNING * * *
You feel sick. The killer bee misses you. You furiously retaliate!
You headbutt the killer bee! You hit the killer bee.
You kill the killer bee!
Trog accepts your kill.
* * * LOW HITPOINT WARNING * * *
You feel sick. The killer bee closely misses you. You furiously retaliate!
You headbutt the killer bee. You barely miss the killer bee.
The killer bee is moderately wounded.
* * * LOW HITPOINT WARNING * * *
You feel sick. The killer bee barely misses you. You furiously retaliate!
You headbutt the killer bee! You closely miss the killer bee.
The killer bee is almost dead.
* * * LOW HITPOINT WARNING * * *
You feel sick. The killer bee stings you.
You die...

#.#######.#......###.
.................yy
#.#.#..#)))...###.
###...).).)).......
.#..)).............
#.##y####.#.#####..
#.##)# #.#.# .
#####.##.# #.#.#
#...>#@yy# #.#.#
#.###.#### #.#.# #.#
#.# #.# #.# #.. #.#
#### #.# #.# #.# #.#


You could see 2 killer bees.

Vanquished Creatures
  An ugly thing (D:6)
  Grinder (D:3)
  Prince Ribbit (D:6)
  Sigmund (D:3)
  2 black bears
  4 ogres
  A centaur (D:4)
  2 phantoms
  A kobold brigand (D:6)
  A bullfrog (D:6)
  A scorpion (D:6)
  A necrophage (D:6)
  2 killer bees (D:7)
  4 hounds
  3 orc priests
  A jelly (D:7)
  A gnoll shaman (D:6)
  Crazy Yiuf (D:4)
  2 iguanas
  Ijyb (D:3)
  Jessica (D:2)
  7 orc wizards
  Robin (D:2)
  10 adders
  18 gnolls
  A shadow imp (D:6)
  A white imp (D:5)
  An ufetubus (D:6)
  A worm (D:2)
  A dart slug (D:3)
  22 orcs
  7 ball pythons
  7 bats
  5 endoplasms
  5 giant cockroaches
  22 goblins
  14 hobgoblins
  6 jackals (D:1)
  16 kobolds
  3 frilled lizards
  3 rats
184 creatures vanquished.

Vanquished Creatures (others)
  2 plants (D:4)
2 creatures vanquished.

Grand Total: 186 creatures vanquished

Notes
Turn   | Place    | Note
-------+----------+-------------------------------------------
     0 | D:1      | tognito the Minotaur Berserker began the quest for the Orb.
     0 | D:1      | Reached XP level 1. HP: 19/19 MP: 0/0
   255 | D:1      | Reached XP level 2. HP: 27/27 MP: 1/1
   434 | D:1      | Found a faded altar of an unknown god.
   501 | D:1      | Gained mutation: You tend to lose your temper in combat.
                  | [potion of mutation]
   501 | D:1      | Gained mutation: Your movements are slightly less
                  | encumbered by armour. (ER -2) [potion of mutation]
   545 | D:1      | Reached skill level 4 in Axes
  1120 | D:1      | Reached XP level 3. HP: 31/33 MP: 2/2
  1335 | D:2      | Reached ** piety under Trog
  1408 | D:2      | Noticed Robin
  1413 | D:2      | Reached skill level 1 in Throwing
  1418 | D:2      | Killed Robin
  1419 | D:2      | Reached XP level 4. HP: 8/40 MP: 3/3
  1684 | D:2      | Noticed Jessica
  1690 | D:2      | Killed Jessica
  2183 | D:3      | Noticed Ijyb
  2193 | D:3      | Killed Ijyb
  2194 | D:3      | Reached skill level 5 in Axes
  2194 | D:3      | Reached XP level 5. HP: 47/47 MP: 4/4
  2437 | D:3      | Noticed a black bear
  2452 | D:3      | Killed a black bear
  2453 | D:3      | Reached XP level 6. HP: 37/55 MP: 5/5
  2684 | D:3      | Identified the +3 ring mail of the Crypt {Str+3 Int-4
                  | Dex+3}
  2718 | D:3      | Noticed Sigmund
  2732 | D:3      | Killed Sigmund
  2733 | D:3      | Reached skill level 5 in Fighting
  2733 | D:3      | Reached skill level 6 in Axes
  2794 | D:3      | Noticed Grinder
  2801 | D:3      | Killed Grinder
  2802 | D:3      | Reached XP level 7. HP: 61/61 MP: 6/6
  3025 | D:4      | Reached *** piety under Trog
  3032 | D:4      | Reached skill level 7 in Axes
  3866 | D:4      | Found a runed translucent door.
  3867 | D:4      | Noticed Crazy Yiuf
  3872 | D:4      | Killed Crazy Yiuf
  3982 | D:5      | Entered Level 5 of the Dungeon
  4016 | D:5      | Reached skill level 5 in Armour
  4016 | D:5      | Reached XP level 8. HP: 48/70 MP: 7/7
  4222 | D:5      | Found a staircase to the Ecumenical Temple.
  4624 | D:5      | Reached skill level 8 in Axes
  4820 | D:6      | Reached **** piety under Trog
  4836 | D:6      | Reached skill level 5 in Dodging
  4990 | D:6      | Noticed Prince Ribbit
  5003 | D:6      | Killed Prince Ribbit
  5094 | D:6      | Reached skill level 9 in Axes
  5205 | D:6      | Reached XP level 9. HP: 71/78 MP: 8/8
  5552 | D:6      | Noticed a green ugly thing
  5566 | D:6      | Killed a green ugly thing
  5567 | D:6      | Reached skill level 5 in Throwing
  6235 | D:7      | Reached skill level 10 in Axes
  6261 | D:7      | HP: 4/80 [poisoned by a killer bee]
  6264 | D:7      | HP: 1/80 [poisoned by a killer bee]
  6264 | D:7      | Slain by a killer bee

Illustrated notes

Levels and vault maps discovered:
D:1:      minmay_arrival_widening_spiral_wide, layout_loops_corners,
          hellmonk_ecumenical_altar_leap_of_faith, kennysheep_pointless_box
D:2:      layout_basic, uniq_jessica, uniq_robin
D:3:      wander_river, layout_loops_cross, nicolae_elevator_lobby_asterisk,
          uniq_grinder, uniq_ijyb, uniq_sigmund
D:4:      corexii_shantytown, layout_cave_pools, uniq_crazy_yiuf_cottage
D:5:      layout_gridville, minmay_temple_entry_slanted
D:6:      minmay_angry_zag, layout_loops_ring, uniq_prince_ribbit1
D:7:      layout_loops_ring, minmay_fire_ice_demons, uniq_maggie

Skill      XL: |  1  2  3  4  5  6  7  8  9 |
---------------+----------------------------+-----
Axes           | 4 5 6 7 9 10 | 10.2
Fighting       | 4 5 6 7 |  7.7
Throwing       | 1 2 3 4 5 |  5.4
Armour         | 3 4 5 6 |  6.9
Dodging        | 3 4 5 6 |  6.2

Action                   |  1- 3 |  4- 6 |  7- 9 || total
-------------------------+-------+-------+-------++-------
Melee: Hand axe          |    79 |    62 |   246 ||   387
       Headbutt          |     8 |     7 |    39 ||    54
       Punch             |       |       |     2 ||     2
Throw: Dart              |       |    18 |       ||    18
Invok: Berserk           |     1 |     1 |     1 ||     3
       Trog's Hand       |       |     1 |       ||     1
  Use: Potion            |     4 |     1 |     9 ||    14
Armor: Ring mail         |    11 |       |       ||    11
       Chain mail        |    26 |    39 |    10 ||    75
       Plate armour      |       |       |   100 ||   100
Dodge: Dodged            |    48 |    39 |   127 ||   214

Table legend: (Time is in decaauts)
 A = Elapsed time spent in this place.
 B = Non-inter-level travel time spent in this place.
 C = Inter-level travel time spent in this place.
 D = Time resting spent in this place.
 E = Time spent auto-exploring this place.
 F = Levels seen in this place.
 G = Mean time per level.
                   A        B        C        D        E       F      G
               +--------+--------+--------+--------+--------+-----+--------+
         Total |   6308 |   6097 |    211 |     23 |   5031 |   7 |  901.1 |
       Dungeon |   6308 |   6097 |    211 |     23 |   5031 |   7 |  901.1 |
               +--------+--------+--------+--------+--------+-----+--------+

Top non-repeatable levels by time:
     D:6: 1206 daAuts
     D:1: 1181 daAuts
     D:3: 984 daAuts
     D:4: 973 daAuts
     D:2: 885 daAuts
     D:5: 818 daAuts
     D:7: 257 daAuts
